 Dungeon Crawl Stone Soup version 0.31.0-11-ge490571c62 (webtiles) character file.

Game seed: 5270855485838462850

82 Bravepunisher the Ducker (level 4, -3/25 HPs)
             Began as a Spriggan Monk on Jan 26, 2024.
             Slain by an iguana (10 damage)
             ... on level 6 of the Dungeon.
             The game lasted 00:03:42 (845 turns).

Bravepunisher the Ducker (Spriggan Monk)             Turns: 845, Time: 00:03:43

Health: -3/25      AC:  2    Str:  7    XL:     4   Next: 21%
Magic:  5/5        EV: 20    Int: 11    God:
Gold:   19         SH:  0    Dex: 19    Spells: 3/3 levels left

rFire   . . .        a - +0 short sword
rCold   . . .        (no shield)
rNeg    . . .        b - +0 robe
rPois   .            (helmet restricted)
rElec   .            (no cloak)
rCorr   .            (gloves unavailable)
SInv    +            (boots unavailable)
Will    .....        (no amulet)
Stlth   ++           (no ring)
HPRegen 0.24/turn    (no ring)
MPRegen 0.09/turn

%: no passive effects
@: very quick
A: very small, no large weapons, unfitting armour, see invisible, speed 3
a: no special abilities


You were on level 6 of the Dungeon.
You visited 1 branch of the dungeon, and saw 6 of its levels.

You collected 19 gold pieces.

Inventory:

Hand Weapons
 a - a +0 short sword (weapon)
Armour
 b - a +0 robe (worn)
Wands
 g - a wand of paralysis (14)
Scrolls
 h - a scroll of identify {unknown}
 i - 3 scrolls of teleportation {unknown}
Potions
 c - a potion of ambrosia
 d - a potion of curing {unknown}
 e - a potion of lignification {unknown}
 f - a potion of cancellation {unknown}


   Skills:
 * Level 3.7 Fighting
 - Level 3.2 Short Blades
 + Level 5.1 Dodging


You had 3 spell levels left.
You didn't know any spells.
Your spell library was empty.

Dungeon Overview and Level Annotations

Branches:
Dungeon (6/15)
 Temple: D:4-7

Altars:
Gozag

Annotations:
D:6 3 runed translucent doors


Innate Abilities, Weirdness & Mutations

You are very small and have problems with some larger weapons.
You are too small for most types of armour.
You have supernaturally acute eyesight. (SInv)
You cover ground extremely quickly. (Speed+++)


Message History

There is an escape hatch in the ceiling here.
Found a runed translucent gate.
A sleepcap comes into view.
Found a sling.
Found a long sword.
You see here a +0 long sword.
Found a stone staircase leading down.
An iguana comes into view.
A jelly comes into view.
The iguana hisses angrily.
The jelly moves out of view.
Found an emerald potion.
There is a stone staircase leading down here.
A sky beast comes into view.
The sky beast misses you.
You closely miss the sky beast. The sky beast misses you.
You barely miss the sky beast. You hit the sky beast.
The sky beast is lightly wounded.
The sky beast misses you. The iguana misses you.
You hit the sky beast.
The sky beast is moderately wounded.
The sky beast hits you. The sky beast shocks you.
You hit the sky beast.
The sky beast is moderately wounded.
The iguana misses you. The sky beast completely misses you.
You barely miss the iguana. Your punch misses the iguana.
The iguana barely misses you. The sky beast hits you. The sky beast shocks you.
* * * LOW HITPOINT WARNING * * *
You hit the iguana but do no damage. The iguana barely misses you.
The sky beast completely misses you.
You barely miss the sky beast.
The sky beast is moderately wounded.
The iguana misses you.
You hit the iguana but do no damage.
The sky beast hits you but does no damage.
You closely miss the sky beast.
The sky beast is moderately wounded.
The iguana bites you!
You die...

. ....#############
......Y@lJ....>.##
##..##########...#######
#...........)
.........#######
####..J.## ## #..#.#
####. #..... .#....
#............
#..!####..###


You could see a sky beast, an iguana and a jelly.

Vanquished Creatures
  A scorpion (D:4)
  2 ufetubi (D:5)
  A dart slug (D:1)
  2 orcs
  A giant cockroach (D:4)
  3 goblins
  A hobgoblin (D:4)
  2 ball pythons
13 creatures vanquished.

Notes
Turn   | Place    | Note
-------+----------+-------------------------------------------
     0 | D:1      | Bravepunisher the Spriggan Monk began the quest for the
                  | Orb.
     0 | D:1      | Reached XP level 1. HP: 11/11 MP: 2/2
   158 | D:4      | Noticed a scorpion
   168 | D:4      | Killed a scorpion
   169 | D:4      | Reached XP level 2. HP: 16/16 MP: 3/3
   169 | D:4      | Reached XP level 3. HP: 20/20 MP: 4/4
   353 | D:4      | Found an opulent altar of Gozag.
   383 | D:4      | Reached skill level 5 in Dodging
   383 | D:4      | Reached XP level 4. HP: 19/25 MP: 5/5
   429 | D:5      | Entered Level 5 of the Dungeon
   643 | D:5      | Noticed a centaur
   674 | D:5      | Noticed an ice beast
   790 | D:6      | Found a runed translucent gate.
   790 | D:6      | Found a runed translucent gate.
   791 | D:6      | Found a runed translucent gate.
   831 | D:6      | Noticed a sky beast
   845 | D:6      | Slain by an iguana

Illustrated notes

Levels and vault maps discovered:
D:1:      nicolae_arrival_washed_ashore, layout_basic, basic_ecumenical_altar,
          nicolae_shop_vocational
D:2:      layout_basic, kennysheep_nub, minmay_misc_feat_plants, uniq_jessica
D:3:      layout_loops_corners, nicolae_overflow_quartered_altars,
          chequers_serial_rivers_micro_e, minivault_25, lemuel_flame_loot_1
D:4:      layout_loops_ring, nicolae_overflow_crystal_walls,
          nicolae_ossuary_entry_catacombs, guppyfry_early_orc_mine
D:5:      layout_basic
D:6:      layout_loops_ring, gammafunk_ghost_icy, nicolae_elevator_lobby_plus,
          uniq_eustachio, uniq_duvessa, uniq_prince_ribbit1

Skill      XL: |  1  2  3 |
---------------+----------+-----
Fighting       | 3 |  3.7
Dodging        | 5 |  5.1
Short Blades   | |  3.2

Action                     |  1- 3 |  4- 6 || total
---------------------------+-------+-------++-------
  Melee: Short sword       |    59 |    35 ||    94
  Evoke: Wand              |     1 |       ||     1
   Stab: Paralysed         |     3 |       ||     3
 Armour: Robe              |    14 |    16 ||    30
  Dodge: Dodged            |    41 |    46 ||    87
